 Dungeon Crawl Stone Soup version 0.30-a0-465-g8901f6c8b5 (webtiles) character file.

Game seed: 3671148253837136065

208954 Zonian the Warrior (level 19, -14/171 HPs)
             Began as a Djinni Ice Elementalist on Dec 18, 2022.
             Was the Champion of Ashenzari.
             Shot with an arrow by a deep elf master archer (28 damage)
             ... on level 3 of the Elven Halls on Dec 19, 2022.
             The game lasted 02:20:57 (56664 turns).

Zonian the Warrior (Djinni Ice Elementalist)       Turns: 56664, Time: 02:20:58

Health: -14/171    AC: 14    Str: 14    XL:     19   Next: 52%
Gold:   1859       EV: 19    Int: 24    God:    Ashenzari [******] SH: 14 Dex: 15

rFire   + . .      SeeInvis +    y - +11 dagger of Ashenzari's Adversity {drain, Fragile rPois Str+3 Stlth+, Self, Cun} (curse)
rCold   + . .      Faith    .    L - +3 buckler of the All-seeing Ether {AC+3, Cun, Evo} (curse)
rNeg    + . .      Spirit   .    p - +0 leather armour "Circumscribed Gloom" {rC+, Melee, Cun} (curse)
rPois   ∞          Reflect  +    c - +1 hat of Ashenzari's Soothsayer {Evo, Self} (curse)
rElec   .          Harm     .    P - +2 cloak "Bound With Me" {Stlth+, Self, Range} (curse)
rCorr   .          Rampage  .    z - +1 pair of gloves of the Cursed Sun {Fort, Evo} (curse)
Will    ++...      Clarity  +    (boots unavailable)
Stlth   +++++++...               C - amulet of the Fated Omen {Reflect SH+5, Fort, Self} (curse)
HPRegen 0.48/turn                T - ring "Sibylline Limitation" {Will+, Range, Self} (curse)
MPRegen 0.00/turn                w - ring of Curses and Power {Ice rPois rN+ Str+4 Slay+3, Fort, Self} (curse)

@: flying
A: sickness immunity, fire resistance 2, cold vulnerability 1, float, innate
caster, HP casting, extra vitality 1
}: 1/15 runes: serpentine
a: Renounce Religion, Shatter the Chains


You were on level 3 of the Elven Halls.
You worshipped Ashenzari.
Ashenzari was exalted by your worship.
You visited 6 branches of the dungeon, and saw 30 of its levels.

You collected 2652 gold pieces.
You spent 793 gold pieces at shops.

Inventory:

Hand Weapons
 m - a +2 dagger of venom
 y - the cursed +11 dagger of Ashenzari's Adversity (weapon) {drain, Fragile rPois Str+3 Stlth+, Self, Cun}
   (You found it on level 4 of the Dungeon)

   A truly terrible weapon, it drains the life of any living foe it strikes.
   Str:       It affects your strength (+3).
   rPois:     It protects you from poison.
   Fragile:   It will be destroyed if unequipped.
   Stlth:     It makes you more stealthy.
   It has a curse which improves the following skills: Introspection: Fighting
   and Spellcasting.
   Cunning:   Dodging and Stealth.
 Y - the +7 whip of Instant Death {spect, rElec rC+ Stlth-}
   (You found it on level 14 of the Dungeon)

   When its wielder attacks, the weapon's spirit leaps out and strikes again.
   The spirit shares a part of any damage it takes with its wielder.
   rC:        It protects you from cold.
   rElec:     It insulates you from electricity.
   Stlth:     It makes you less stealthy.
Missiles
 b - a throwing net
 e - 7 poisoned darts
 F - 4 silver boomerangs
 R - 8 javelins
Armour
 c - the cursed +1 hat of Ashenzari's Soothsayer (worn) {Evo, Self}
   (You found it on level 1 of the Dungeon)

   It has a curse which improves the following skills: Evocations: Evocations.
   Introspection: Fighting and Spellcasting.
 l - the +1 robe of Siackosch {+Blink rF+ Regen+ Str+4}
   (You acquired it on level 1 of the Snake Pit)

   Str:       It affects your strength (+4).
   rF:        It protects you from fire.
   +Blink:    It lets you blink.
   Regen:     It increases your rate of health regeneration.
 p - the cursed +0 leather armour "Circumscribed Gloom" (worn) {rC+, Melee, Cun}
   (You found it on level 2 of the Dungeon)

   It has a curse which improves the following skills: Melee Combat: Short
   Blades, Long Blades, Axes, Maces & Flails, Polearms, Staves and Unarmed
   Combat.
   Cunning:   Dodging and Stealth.
 z - the cursed +1 pair of gloves of the Cursed Sun (worn) {Fort, Evo}
   (You found it on level 6 of the Dungeon)

   It has a curse which improves the following skills: Fortitude: Armour and
   Shields.
   Evocations: Evocations.
 L - the cursed +3 buckler of the All-seeing Ether (worn) {AC+3, Cun, Evo}
   (You found it on level 3 of the Snake Pit)

   It has a curse which improves the following skills: Cunning: Dodging and
   Stealth.
   Evocations: Evocations.
 P - the cursed +2 cloak "Bound With Me" (worn) {Stlth+, Self, Range}
   (You found it on level 3 of the Lair of Beasts)

   It has a curse which improves the following skills: Introspection: Fighting
   and Spellcasting.
   Ranged Combat: Ranged Weapons and Throwing.
Jewellery
 w - the cursed ring of Curses and Power (right hand) {Ice rPois rN+ Str+4 Slay+3, Fort, Self}
   (You acquired it on level 6 of the Dungeon)

   [ring of ice]

   It enhances your ice magic.
   Str:       It affects your strength (+4).
   Slay:      It affects your accuracy & damage with ranged weapons and melee
   (+3).
   rF:        It makes you vulnerable to fire.
   rC:        It protects you from cold.
   rPois:     It protects you from poison.
   rN:        It protects you from negative energy.
   It has a curse which improves the following skills: Fortitude: Armour and
   Shields.
   Introspection: Fighting and Spellcasting.
 C - the cursed amulet of the Fated Omen (around neck) {Reflect SH+5, Fort, Self}
   (You found it on level 6 of the Dungeon)

   [amulet of reflection]

   It reflects blocked missile attacks.
   SH:        It affects your SH (+5).
   It has a curse which improves the following skills: Fortitude: Armour and
   Shields.
   Introspection: Fighting and Spellcasting.
 I - a ring of resist corrosion
 T - the cursed ring "Sibylline Limitation" (left hand) {Will+, Range, Self}
   (You found it on level 5 of the Lair of Beasts)

   [ring of willpower]

   Will:      It increases your willpower.
   It has a curse which improves the following skills: Ranged Combat: Ranged
   Weapons and Throwing.
   Introspection: Fighting and Spellcasting.
Wands
 f - a wand of light (2)
 j - a wand of flame (7)
 s - a wand of paralysis (21)
 x - a wand of digging (15)
 N - a wand of iceblast (6)
 W - a wand of polymorph (9)
Scrolls
 k - 9 scrolls of enchant weapon
 q - 2 scrolls of teleportation
 r - 3 scrolls of butterflies
 t - a scroll of brand weapon
 u - 4 scrolls of silence
 G - 6 scrolls of fog
 H - 3 scrolls of magic mapping
 J - 7 scrolls of blinking
 V - 8 scrolls of enchant armour
 X - 3 scrolls of poison
Potions
 d - 2 potions of cancellation
 g - 4 potions of haste
 h - 14 potions of curing
 i - a potion of heal wounds
 n - 6 potions of ambrosia
 o - 4 potions of resistance
 v - 6 potions of mutation
 A - 7 potions of might
 B - a potion of invisibility
 K - 2 potions of brilliance
 O - 5 potions of berserk rage
Miscellaneous
 Z - a phantom mirror


   Skills:
 - Level 18.0(26.0) Fighting
 + Level 8.2(10.9) Short Blades
 - Level 5.7(9.6) Throwing
 - Level 4.4(9.1) Armour
 - Level 10.3(15.4) Dodging
 + Level 7.7(12.8) Stealth
 - Level 4.5(9.2) Shields
 - Level 16.2(24.3) Spellcasting
 - Level 9.9(15.0) Evocations


You had 15 spell levels left.
You knew the following spells:

 Your Spells              Type           Power      Damage    Failure   Level
a - Freeze                Ice            100%       1d10      0%          1
b - Frozen Ramparts       Ice            100%       1d16      0%          3
c - Ozocubu's Armour      Ice            100%       N/A       0%          3
d - Summon Ice Beast      Ice/Summ       100%       N/A       0%          4
e - Sting                 Tmut/Pois      100%       1d8       0%          1
f - Static Discharge      Conj/Air       100%       2-7/arc   0%          2
g - Portal Projectile     Hex/Tloc       100%       N/A       0%          3
h - Flame Wave            Conj/Fire      98%        2d20      0%          4
i - Arcjolt               Conj/Air       49%        1d59      0%          5
j - Metabolic Englaciati  Hex/Ice        60%        N/A       0%          5
k - Eringya's Noxious Bo  Tmut/Pois      49%        N/A       0%          6
l - Dragon Form           Tmut           49%        N/A       1%          7
m - Enfeeble              Hex            49%        N/A       1%          7
Your spell library was empty.

Dungeon Overview and Level Annotations

Branches:
Dungeon (15/15)            Temple (1/1) D:5            Lair (5/5) D:10
 Shoals (0/4) Lair:3        Snake (4/4) Lair:3        Slime (0/5) Lair:5
    Orc (2/2) D:9             Elf (3/3) Orc:2        Vaults (0/5) D:14
 Depths (0/4) D:15

Altars:
Ashenzari
Cheibriados
Dithmenos
Elyvilon
Fedhas
Gozag
Hepliaklqana
Makhleb
Nemelex Xobeh
Okawaru
Qazlal
Ru
Trog
Uskayaw
Wu Jian
Xom
Yredelemnul
Zin
The Shining One
Jiyva

Shops:
D:7 *   Orc:1 !   Orc:2 [?!*:   Elf:1 (![   Elf:3 !   Snake:1 (=   Snake:2 :=:[

Annotations:
D:6 Duvessa
D:8 2 transporters, Taurus's ghost, novice MiFi
Snake:1 1 runed translucent door, Vukliusk's ghost, adept MiFi
Elf:2 2 runed translucent doors, Louise
Elf:3 3 runed translucent doors, Waiwil's ghost, adept DsFi


Innate Abilities, Weirdness & Mutations

You are immune to sickness and miasma.
You are immune to poison.
Your flesh is very heat resistant. (rF++)
You are vulnerable to cold. (rC-)
You float through the air rather than walking.
You learn spells naturally, not from books.
Your magical power is your life essence.
You have superior vitality. (+4 MHP)


Message History

The arrow hits the deep elf death mage!!
Unknown command.
Okay, then.
Okay, then.
You feel much better.
The deep elf master archer shoots an arrow.
You reflect the arrow off an invisible shield around you!
The arrow hits the deep elf master archer!!!
The deep elf master archer shoots an arrow.
The arrow hits you!!
* * * LOW HITPOINT WARNING * * *
The deep elf death mage shouts!
Okay, then.
Okay, then.
The air fills with toxic fumes!
As you read the scroll of poison, it crumbles to dust.
The deep elf master archer shoots an arrow.
The arrow hits you!!
* * * LOW HITPOINT WARNING * * *
The deep elf master archer shoots an arrow.
You reflect the arrow off an invisible shield around you!
The arrow hits the deep elf master archer!!
You feel much better.
The deep elf master archer shoots an arrow.
You reflect the arrow off an invisible shield around you!
The arrow completely misses the deep elf master archer.
The arrow hits the deep elf high priest!!
The deep elf master archer shoots an arrow.
The arrow completely misses you.
Okay, then.
You feel much better.
The deep elf high priest mumbles some strange prayers to its god against you.
The sphere of damnation explodes!
The damnation engulfs you!!
* * * LOW HITPOINT WARNING * * *
The deep elf master archer shoots an arrow.
The arrow hits you!
* * * LOW HITPOINT WARNING * * *
The deep elf master archer shoots an arrow.
The arrow hits you!!
You die...

#e.* *##{#***
{,{{{,,****
{,,e..,,,,****
,*,e.#,{,,,,,***
,,,...,,,,,,,,,#####
*,,,,,****,,,,##§§§#
*******,,***,,#§§§#*
,,,,,,,,,,,{,,#§@§#
,,,,,,,,{*,,,*#§§§#
*,,⌠,,,****,,#§ee##
,,,,,,,*,,,,,#§#e#
,,,,,,,,,,,,*#§§E#
,*,,,*,,,*,,*§§§##
**,,,*****,,#§#§*
,**'**,,,**,§§§§*
,,,,,,,*,∆*##*##*


You could see a deep elf master archer, a deep elf death mage, a deep elf high
priest and a water elemental.

Vanquished Creatures
  A deep elf master archer (Elf:3)
  6 nagarajas
  Donald (Orc:2)
  2 deep elf sorcerers (Elf:3)
  Aizul (Snake:2)
  A deep elf elementalist (Elf:3)
  Azrael (Elf:1)
  Nessos (D:12)
  A deep elf demonologist (Elf:1)
  2 deep elf annihilators (Elf:3)
  A yaktaur captain (D:10)
  Harold (Orc:1)
  3 vault guards (D:14)
  3 hydras
  2 salamander tyrants (Snake:4)
  5 centaur warriors
  7 two-headed ogres
  7 anacondas
  9 death yaks
  10 boulder beetles
  11 dancing weapons
  10 naga warriors
  Urug (Lair:4)
  5 tengu warriors
  5 naga sharpshooters
  6 shock serpents
  3 orc high priests (Orc:2)
  3 salamander mystics (Snake:4)
  10 deep elf knights
  A fire crab (Snake:1)
  3 skeletal warriors
  A lindwurm (Lair:5)
  13 naga ritualists
  6 orc knights
  2 necromancers
  Pikel (D:4)
  3 wizards
  13 deep elf archers
  4 orc sorcerers (Orc:2)
  32 deep elf pyromancers
  13 deep elf zephyrmancers
  7 mana vipers
  15 ugly things
  9 cyclopes
  2 manticores
  9 salamanders
  A centaur zombie (D:15)
  16 naga magi
  6 guardian serpents
  39 black mambas
  Joseph (D:7)
  3 molten gargoyles (Lair:5)
  A gargoyle (D:11)
  Maggie (D:9)
  17 cane toads
  2 kobold demonologists
  11 komodo dragons
  3 centaur skeletons (D:15)
  A rime drake (shapeshifter) (D:14)
  An efreet (D:14)
  2 freezing wraiths (D:14)
  3 tengu conjurers
  A queen bee (shapeshifter) (D:14)
  4 polar bears
  8 trolls
  A troll (shapeshifter) (Elf:2)
  9 slime creatures
  11 dream sheep
  A centaur simulacrum (D:15)
  2 vampires
  16 blink frogs
  A spriggan (Lair:2)
  A wraith (D:14)
  4 shadows
  4 air elementals
  3 fire elementals
  2 wyverns (Lair:5)
  7 basilisks
  81 yaks
  2 water elementals (Elf:1)
  A yak (shapeshifter) (D:15)
  18 humans (D:14)
  4 steam dragons
  10 vampire mosquitoes
  2 wargs (Orc:1)
  3 acid dragons (D:10)
  A harpy simulacrum (D:15)
  47 nagas
  5 hell hounds
  14 water moccasins
  2 ice beasts
  4 black bears
  4 boggarts (D:15)
  25 orc warriors
  4 ogres
  9 centaurs
  15 wolves
  3 kobold brigands
  2 lemures (D:4)
  A necrophage (D:8)
  4 gnoll sergeants
  4 scorpions
  4 earth elementals
  6 bullfrogs
  3 wights (D:9)
  6 killer bees (D:10)
  7 electric eels
  6 howler monkeys
  5 lava snakes (Lair:5)
  7 jellies
  21 orc priests
  4 hounds
  4 iguanas
  Ijyb (D:3)
  29 orc wizards
  7 hell rats (Lair:5)
  17 gnolls
  8 adders
  4 white imps
  3 ufetubi
  A worm (D:4)
  5 dart slugs
  81 orcs
  5 bats
  14 endoplasms
  3 giant cockroaches
  5 goblins
  3 hobgoblins
  11 kobolds
  2 quokkas (D:3)
  3 ball pythons
  2 frilled lizards (D:3)
  3 rats
981 creatures vanquished.

Vanquished Creatures (collateral kills)
  A fire dragon (Lair:5)
  3 basilisks
  An orc warrior (D:9)
  A wight (D:9)
  4 electric eels (D:9)
  A jelly (D:5)
  An ufetubus (D:5)
  An orc (D:9)
13 creatures vanquished.

Vanquished Creatures (others)
  A deep elf sorcerer (Elf:3)
  A deep elf knight (Elf:2)
  A deep elf pyromancer (Elf:2)
  A deep elf zephyrmancer (Elf:2)
  16 fungi
  75 plants
95 creatures vanquished.

Grand Total: 1089 creatures vanquished

Notes
Turn   | Place    | Note
-------+----------+-------------------------------------------
     0 | D:1      | Zonian the Djinni Ice Elementalist began the quest for the
                  | Orb.
     0 | D:1      | Zonian set off with the following spells memorised: Freeze,
                  | Frozen Ramparts, Ozocubu's Armour, Summon Ice Beast.
     0 | D:1      | Reached XP level 1. HP: 15/15 MP: 0/0
   185 | D:1      | Reached XP level 2. HP: 16/21 MP: 0/0
   769 | D:1      | Reached XP level 3. HP: 20/25 MP: 0/0
   769 | D:1      | Learned a level 1 spell: Sting
  1351 | D:2      | Found a faded altar of an unknown god.
  1455 | D:2      | Reached XP level 4. HP: 20/31 MP: 0/0
  2422 | D:3      | Noticed Ijyb
  2437 | D:3      | Killed Ijyb
  2934 | D:3      | Reached XP level 5. HP: 34/35 MP: 0/0
  2934 | D:3      | Learned a level 2 spell: Static Discharge
  4126 | D:4      | Identified the +11 dagger of Abomination {drain, Fragile
                  | rPois Str+3 Stlth+}
  4304 | D:4      | Noticed a lemure
  4304 | D:4      | Noticed a lemure
  4319 | D:4      | Noticed a phantom
  4450 | D:4      | Noticed a black bear
  4456 | D:4      | Killed a black bear
  4457 | D:4      | Reached XP level 6. HP: 37/40 MP: 0/0
  4658 | D:4      | Noticed Pikel
  4684 | D:4      | Killed Pikel
  4685 | D:4      | Reached XP level 7. HP: 27/45 MP: 0/0
  4685 | D:4      | Learned a level 3 spell: Portal Projectile
  4785 | D:4      | Reached XP level 8. HP: 50/50 MP: 0/0
  4826 | D:4      | Found a burning altar of Makhleb.
  4826 | D:4      | Noticed a blizzard demon
  4874 | D:5      | Entered Level 5 of the Dungeon
  5830 | D:5      | Found a staircase to the Ecumenical Temple.
  5852 | Temple   | Entered the Ecumenical Temple
  5933 | Temple   | Became a worshipper of Ashenzari the Shackled
  6036 | D:5      | HP: 2/50 [centaur/arrow (11)]
  7362 | D:5      | Noticed a yak
  7362 | D:5      | Noticed a yak
  7396 | D:5      | Noticed a yak
  7403 | D:5      | Noticed a yak
  7414 | D:5      | Noticed a yak
  7415 | D:5      | Noticed a yak
  7563 | D:5      | Killed a yak
  7564 | D:5      | Reached XP level 9. HP: 52/55 MP: 0/0
  7564 | D:5      | Learned a level 4 spell: Flame Wave
 10052 | D:6      | Found a sparkling altar of Nemelex Xobeh.
 10188 | D:6      | Noticed Duvessa
 10439 | D:6      | Reached * piety under Ashenzari
 10439 | D:6      | Identified a scroll of acquirement
 10440 | D:6      | Acquired the ring of Ziakic {Ice rPois rN+ Str+4 Slay+3}
 10591 | D:6      | Reached skill level 10 in Spellcasting
 11058 | D:7      | Reached XP level 10. HP: 57/60 MP: 0/0
 11297 | D:7      | Reached ** piety under Ashenzari
 11313 | D:7      | Found a glowing golden altar of the Shining One.
 11313 | D:7      | Found an opulent altar of Gozag.
 11317 | D:7      | Reached skill level 1 in Shields
 11382 | D:7      | Found Custedui's General Store.
 11383 | D:7      | Noticed Joseph
 11402 | D:7      | Killed Joseph
 11623 | D:7      | Bought a potion of heal wounds for 70 gold pieces
 12282 | D:8      | Found a transporter.
 12285 | D:8      | Noticed a green ugly thing
 12292 | D:8      | Reached *** piety under Ashenzari
 12300 | D:8      | Noticed Taurus's ghost (novice MiFi)
 12302 | D:8      | Found a transporter.
 12302 | D:8      | Noticed a two-headed ogre
 12552 | D:8      | Reached skill level 1 in Fighting
 12577 | D:8      | Noticed a two-headed ogre
 12582 | D:8      | Killed a two-headed ogre
 12583 | D:8      | Reached skill level 3 in Fighting
 12782 | D:8      | Reached skill level 4 in Fighting
 12878 | D:8      | Noticed an unseen horror
 13106 | D:9      | Noticed Maggie
 13287 | D:9      | Reached skill level 5 in Fighting
 13747 | D:9      | Reached XP level 11. HP: 50/79 MP: 0/0
 13747 | D:9      | Learned a level 5 spell: Arcjolt
 14195 | D:9      | Reached skill level 6 in Fighting
 14231 | D:9      | Found a staircase to the Orcish Mines.
 14437 | D:9      | Killed Maggie
 14438 | D:9      | Reached skill level 7 in Fighting
 15125 | D:10     | Entered Level 10 of the Dungeon
 15156 | D:10     | Reached skill level 8 in Fighting
 15479 | D:10     | Reached skill level 1 in Short Blades
 16305 | D:10     | Noticed a two-headed ogre
 16308 | D:10     | Killed a two-headed ogre
 16309 | D:10     | Reached skill level 5 in Short Blades
 17483 | D:10     | Reached XP level 12. HP: 88/91 MP: 0/0
 17532 | D:10     | Reached skill level 9 in Fighting
 18557 | D:10     | Reached skill level 10 in Fighting
 18577 | D:10     | Noticed a two-headed ogre
 18584 | D:10     | Killed a two-headed ogre
 19168 | D:10     | Found a staircase to the Lair.
 19284 | D:10     | Reached skill level 11 in Fighting
 19568 | D:10     | Noticed a boulder beetle
 19568 | D:10     | Noticed a two-headed ogre
 19697 | Lair:1   | Entered Level 1 of the Lair of Beasts
 20253 | Lair:1   | Reached skill level 12 in Fighting
 21010 | Lair:1   | Reached XP level 13. HP: 91/105 MP: 0/0
 21010 | Lair:1   | Learned a level 5 spell: Metabolic Englaciation
 22211 | Lair:2   | Reached skill level 5 in Stealth
 22276 | Lair:2   | Reached **** piety under Ashenzari
 22637 | Lair:2   | Reached skill level 1 in Armour
 23085 | Lair:3   | Reached skill level 5 in Dodging
 23336 | Lair:3   | Found a staircase to the Snake Pit.
 23778 | Lair:3   | Found a staircase to the Shoals.
 23933 | Lair:3   | Reached XP level 14. HP: 106/117 MP: 0/0
 25195 | Lair:4   | Noticed Urug
 25207 | Lair:4   | Killed Urug
 25576 | Lair:5   | Entered Level 5 of the Lair of Beasts
 25872 | Lair:5   | Found a staircase to the Slime Pits.
 27224 | Lair:5   | Reached ***** piety under Ashenzari
 27250 | Lair:5   | Found a large runed translucent door.
 27251 | Lair:5   | Found a large runed translucent door.
 27281 | Lair:5   | Reached skill level 1 in Evocations
 27887 | Lair:5   | Reached XP level 15. HP: 95/126 MP: 0/0
 27887 | Lair:5   | Learned a level 6 spell: Eringya's Noxious Bog
 28535 | D:10     | Reached skill level 5 in Evocations
 29932 | D:12     | Found a viscous altar of Jiyva.
 30141 | D:12     | Reached skill level 13 in Fighting
 30287 | D:12     | Noticed Nessos
 30298 | D:12     | Killed Nessos
 32025 | D:13     | Reached ****** piety under Ashenzari
 33895 | D:14     | Identified the +7 whip of Instant Death {spect, rElec rC+
                  | Stlth-}
 34177 | D:14     | Reached skill level 14 in Fighting
 34177 | D:14     | Reached XP level 16. HP: 87/140 MP: 0/0
 35374 | D:14     | Found a gate to the Vaults.
 35812 | D:15     | Entered Level 15 of the Dungeon
 36591 | D:15     | Found a glowing golden altar of the Shining One.
 36733 | D:15     | Reached skill level 15 in Fighting
 36929 | D:15     | Found a staircase to the Depths.
 37083 | Orc:1    | Entered Level 1 of the Orcish Mines
 37083 | Orc:1    | Found Tixkece's Distillery.
 37102 | Orc:1    | Bought a potion of ambrosia for 80 gold pieces
 37102 | Orc:1    | Bought a potion of resistance for 100 gold pieces
 37444 | Orc:2    | Entered Level 2 of the Orcish Mines
 37704 | Orc:2    | Found Louroe's Book Emporium.
 37874 | Orc:2    | Found Voock's Distillery.
 37880 | Orc:2    | Noticed Donald
 38008 | Orc:2    | Killed Donald
 38558 | Orc:2    | Found Dukkimyu's Armour Boutique.
 38562 | Orc:2    | Bought a potion of heal wounds for 65 gold pieces
 38562 | Orc:2    | Bought a potion of heal wounds for 65 gold pieces
 38562 | Orc:2    | Bought a potion of heal wounds for 65 gold pieces
 38564 | Orc:2    | Found Hadgh's Magic Scroll Boutique.
 38566 | Orc:2    | Found Ofos's Assorted Antiques.
 38612 | Orc:2    | Found a staircase to the Elven Halls.
 38902 | Orc:1    | Reached skill level 16 in Fighting
 39087 | Orc:1    | Noticed Harold
 39092 | Orc:1    | Killed Harold
 39386 | Orc:1    | Reached XP level 17. HP: 151/151 MP: 0/0
 39386 | Orc:1    | Learned a level 7 spell: Dragon Form
 39595 | Snake:1  | Entered Level 1 of the Snake Pit
 40659 | Snake:1  | Found Qoarontosobb's Jewellery Emporium.
 40885 | Snake:1  | Found Daasm's Antique Weapon Emporium.
 40940 | Snake:1  | Found a runed translucent door.
 40940 | Snake:1  | Noticed Vukliusk's ghost (adept MiFi)
 41821 | Snake:1  | Acquired the +1 robe of Siackosch {+Blink rF+ Regen+ Str+4}
 42004 | Snake:2  | Found a shadowy altar of Dithmenos.
 42142 | Snake:2  | Noticed Aizul
 42165 | Snake:2  | Killed Aizul
 42507 | Snake:2  | Found Todghuruikh's Jewellery Shop.
 42508 | Snake:2  | Found Xofublos's Book Emporium.
 42508 | Snake:2  | Found Neg Ash's Book Emporium.
 42522 | Snake:2  | Reached skill level 1 in Throwing
 42870 | Snake:2  | Found Butiyraw's Armour Shoppe.
 44945 | Snake:3  | Reached skill level 5 in Throwing
 45846 | Snake:4  | Entered Level 4 of the Snake Pit
 46445 | Snake:3  | Identified the cursed +2 cloak "Bound With Me" {Stlth+,
                  | Self, Range} (You found it on level 3 of the Lair of
                  | Beasts)
 46445 | Snake:3  | Identified the cursed +1 hat of Ashenzari's Soothsayer
                  | {Evo, Self} (You found it on level 1 of the Dungeon)
 46445 | Snake:3  | Identified the cursed +1 pair of gloves of the Cursed Sun
                  | {Fort, Evo} (You found it on level 6 of the Dungeon)
 46445 | Snake:3  | Identified the cursed +0 leather armour "Circumscribed
                  | Gloom" {rC+, Melee, Cun} (You found it on level 2 of the
                  | Dungeon)
 46534 | Snake:4  | Reached skill level 10 in Dodging
 46537 | Snake:4  | Reached XP level 18. HP: 49/157 MP: 0/0
 47198 | Snake:4  | Reached skill level 17 in Fighting
 48566 | Snake:4  | Reached skill level 18 in Fighting
 48758 | Snake:4  | Reached skill level 15 in Spellcasting
 48959 | Snake:4  | Got a serpentine rune of Zot
 49852 | Elf:1    | Entered Level 1 of the Elven Halls
 50082 | Elf:1    | Identified the +12 mace of Couc {spect, Will+ Dex+3}
 50083 | Elf:1    | Found Nifut's Distillery.
 50086 | Elf:1    | Found Afakyleh's Armour Boutique.
 50107 | Elf:1    | Bought a potion of haste for 160 gold pieces
 50107 | Elf:1    | Bought a potion of heal wounds for 80 gold pieces
 50107 | Elf:1    | Bought a potion of curing for 48 gold pieces
 50178 | Elf:1    | Found Rurphul's Antique Weapon Shoppe.
 50238 | Elf:1    | Noticed Azrael
 50243 | Elf:1    | Killed Azrael
 51004 | Elf:1    | Identified Falats's Precepts of Called Conjuring
 53306 | Elf:2    | Reached XP level 19. HP: 82/166 MP: 0/0
 53306 | Elf:2    | Learned a level 7 spell: Enfeeble
 53311 | Elf:2    | Paralysed by an air elemental for 1 turns
 53776 | Elf:2    | Found a large runed translucent door.
 53776 | Elf:2    | Found a large runed translucent door.
 54068 | Elf:2    | Identified the +8 falchion of Supply {vorpal, MP+9}
 54325 | Elf:2    | Paralysed by an air elemental for 1 turns
 54452 | Elf:2    | Found a large runed translucent door.
 54452 | Elf:2    | Found a large runed translucent door.
 54818 | Elf:3    | Entered Level 3 of the Elven Halls
 54827 | Elf:3    | Found Cuiczo's Distillery.
 54834 | Elf:3    | Bought a potion of heal wounds for 60 gold pieces
 55170 | Elf:3    | Paralysed by an air elemental for 1 turns
 55178 | Elf:3    | Paralysed by an air elemental for 1 turns
 55929 | Elf:3    | Found a runed translucent gate.
 55929 | Elf:3    | Found a runed translucent gate.
 55930 | Elf:3    | Found a runed translucent gate.
 55932 | Elf:3    | Noticed Waiwil's ghost (adept DsFi)
 55932 | Elf:3    | Identified the +8 arbalest "Desurecs" {penet, rN+ MP+9}
 55938 | Elf:3    | Found a viscous altar of Jiyva.
 56117 | Elf:2    | HP: 5/171 [deep elf zephyrmancer/bolt of lightning (26)]
 56127 | Elf:2    | Noticed Louise
 56659 | Elf:3    | Identified the Spellbook of the Voyage
 56662 | Elf:3    | HP: 6/171 [deep elf master archer/arrow (28)]
 56664 | Elf:3    | Shot with an arrow by a deep elf master archer

Illustrated notes

Levels and vault maps discovered:
D:1:      dpeg_arrival_tiny_f, layout_loops_corners,
          amcnicky_mini_rare_corridor_liquid
D:2:      layout_basic, basic_ecumenical_altar, minmay_misc_feat_roman,
          corexii_hall_statues_l
D:3:      layout_basic, uniq_ijyb
D:4:      layout_gridville, makhleb_altar_promises_db, reono_crystal_passage,
          hangedman_minor_gate_pass, uniq_pikel
D:5:      layout_rooms, nicolae_vehumet_altar_sigil,
          minmay_temple_entry_crystal_x, chequers_big_river
D:6:      layout_cave_pods, mainiacjoe_overflow_chevrons,
          minmay_misc_feat_four_crosses, uniq_duvessa
D:7:      layout_rooms, chequers_temple_overflow_statue_of_worship,
          serial_shops, shop, minmay_misc_feat_enclosed,
          hangedman_decor_diamond_cutter, uniq_joseph
D:8:      layout_basic, gammafunk_ghost_arena, chequers_serial_rivers_large_a,
          grunt_ministairs_3
D:9:      layout_small_grid, erik_orc_2, serial_bayou, serial_bayou_shore_b,
          serial_bayou_pond_a, serial_bayou_crossing, serial_bayou_pond_a,
          serial_bayou_lagoon_a, serial_bayou_lake_a, uniq_maggie
D:10:     nzn_winding_woodlands_stair_cross [nzn_winding_woodlands_5x15_cabin,
          nzn_winding_woodlands_center_lodge, nzn_winding_woodlands_5x15_twine,
          nzn_winding_woodlands_5x5_perimeter, nzn_winding_woodlands_5x5_three,
          nzn_winding_woodlands_5x15_sidewinder,
          nzn_winding_woodlands_center_garden,
          nzn_winding_woodlands_5x15_crooked], layout_basic
D:11:     layout_gridville
D:12:     layout_loops_cross, jiyva_altar_1, uniq_nessos
D:13:     layout_small_grid
D:14:     minmay_the_grid_3x2 [minmay_the_grid_medium_cups,
          minmay_the_grid_empty, minmay_the_grid_plusring,
          minmay_the_grid_zigzag_pyramid, minmay_the_grid_gridbox,
          minmay_the_grid_prize_big_room], layout_long_grid,
          grunt_vaults_entry_tiered
D:15:     grunt_enter_depths_magical_seal, layout_cave_pools,
          nicolae_tso_carved_into_rock
Temple:   minmay_temple_bridge_d
Lair:1:   layout_long_grid, serial_bayou_shore_a, grunt_megastairs_2
Lair:2:   gammafunk_indiana_jones, layout_loops_ring, serial_rivers,
          chequers_serial_rivers_large_b, chequers_serial_rivers_small_b,
          chequers_serial_rivers_room_b, chequers_serial_rivers_room_a,
          grunt_forest_stairs_clearing
Lair:3:   layout_regular_city, shoals_dummy_entry,
          minmay_snake_entry_guardpost_small
Lair:4:   layout_misc_corridors, uniq_urug
Lair:5:   cheibrodos_lair_end_hotspot, layout_small_grid, slime_entry_1
Snake:1:  layout_rooms, ebering_ghost_inner_flame, minmay_shop_star
Snake:2:  layout_misc_corridors, serial_shops, shop, basic_altar,
          minmay_shop_grove, uniq_aizul
Snake:3:  layout_rooms
Snake:4:  johnstein_snake_rune_scales, layout_misc_corridors
Orc:1:    layout_caves, serial_shops, nicolae_shop_statue_plus,
          statue_in_the_mist_lemuel, kennysheep_orc_sif_temple, uniq_harold
Orc:2:    st_orc_elflike, layout_caves, serial_shops, shop, basic_altar,
          mines1_david, uniq_donald
Elf:1:    layout_geoelf_grid, serial_shops, nicolae_shop_crystal,
          minmay_elf_sorcery, minmay_shoptagon, uniq_azrael
Elf:2:    elven_hall_of_blades_hangedman_alternative
          [nicolae_blade_entry_splitting_headache], layout_loops_cross,
          uniq_louise
Elf:3:    minmay_elf_hall_furrowed, layout_geoelf_octagon, serial_shops,
          shop_statue, gammafunk_ghost_ooze, drop_trap, amcnicky_mini_pool_small

Skill      XL: |  1  2  3  4  5  6  7  8  9 10 11 12 13 14 15 16 17 18 19 |
---------------+----------------------------------------------------------+-----
Stealth        | 2 5 6 7 |  7.7
Dodging        | 3 7 8 10 | 10.3
Spellcasting   | 4 6 8 10 11 13 14 16 | 16.2
Shields        | 2 4 |  4.5
Fighting       | 5 8 12 14 16 18 | 18.0
Short Blades   | 6 7 8 |  8.2
Armour         | 4 |  4.4
Evocations     | 3 6 7 9 |  9.9
Throwing       | 5 |  5.7

Action                   |  1- 3 |  4- 6 |  7- 9 | 10-12 | 13-15 | 16-18 | 19-21 || total
-------------------------+-------+-------+-------+-------+-------+-------+-------++-------
Melee: Spear             |    58 |       |       |       |       |       |       ||    58
       Dagger            |    21 |    69 |   102 |   373 |   564 |   934 |   175 ||  2238
       Punch             |       |     2 |       |       |       |       |       ||     2
       Unarmed           |       |       |       |       |       |     1 |       ||     1
       Tailslap          |       |       |       |       |       |     1 |       ||     1
Throw: Javelin           |       |       |       |       |       |     7 |       ||     7
 Cast: Freeze            |    30 |    19 |       |     5 |     8 |     5 |       ||    67
       Static Discharge  |       |     3 |       |     1 |       |       |       ||     4
       Sting             |       |     2 |       |     1 |       |    12 |       ||    15
       Frozen Ramparts   |       |     3 |    20 |    33 |    26 |     7 |       ||    89
       Summon Ice Beast  |       |       |     2 |     8 |     5 |     2 |       ||    17
       Ozocubu's Armour  |       |       |     1 |    15 |     5 |     2 |       ||    23
       Flame Wave        |       |       |       |     2 |     7 |    20 |     5 ||    34
       Arcjolt           |       |       |       |    22 |   117 |   158 |    14 ||   311
       Metabolic Englaci |       |       |       |       |     4 |     8 |     1 ||    13
       Eringya's Noxious |       |       |       |       |       |    23 |       ||    23
       Dragon Form       |       |       |       |       |       |     1 |       ||     1
       Enfeeble          |       |       |       |       |       |       |    22 ||    22
Invok: Curse Item        |       |       |     2 |     3 |     5 |     1 |     1 ||    12
       Shatter the Chain |       |       |       |     1 |       |     2 |       ||     3
 Abil: Breathe Fire      |       |       |       |       |       |     1 |       ||     1
Evoke: Wand              |       |       |     4 |     3 |     5 |    13 |     5 ||    30
  Use: Scroll            |       |     6 |     4 |     2 |     5 |     6 |     9 ||    32
       Potion            |       |     2 |     1 |     3 |       |     5 |    13 ||    24
 Stab: Sleeping          |     5 |     2 |     4 |    11 |    40 |    23 |    10 ||    95
       Paralysed         |       |       |     2 |       |       |     2 |       ||     4
       Distracted        |       |       |       |     3 |     1 |     8 |       ||    12
       Invisible         |       |       |       |       |       |       |     6 ||     6
Armor: Robe              |    26 |     2 |    18 |    12 |       |       |       ||    58
       Leather armour    |       |    13 |       |    29 |    52 |   102 |    41 ||   237
Dodge: Dodged            |    49 |    33 |   101 |   184 |   247 |   474 |    75 ||  1163
Block: Buckler           |       |     5 |     6 |   160 |   160 |   439 |    86 ||   856
       Reflection        |       |       |       |     8 |     5 |    69 |    23 ||   105

Table legend: (Time is in decaauts)
 A = Elapsed time spent in this place.
 B = Non-inter-level travel time spent in this place.
 C = Inter-level travel time spent in this place.
 D = Time resting spent in this place.
 E = Time spent auto-exploring this place.
 F = Levels seen in this place.
 G = Mean time per level.
                   A        B        C        D        E       F      G
               +--------+--------+--------+--------+--------+-----+--------+
         Total |  55829 |  54090 |   1739 |  27664 |  16301 |  30 | 1861.0 |
       Dungeon |  28360 |  27386 |    974 |  13772 |   9136 |  15 | 1890.7 |
        Temple |    101 |     81 |     20 |      0 |     71 |   1 |  101.0 |
          Lair |   9868 |   9516 |    352 |   4287 |   3749 |   5 | 1973.6 |
     Snake Pit |   8457 |   8266 |    191 |   4692 |   1559 |   4 | 2114.2 |
  Orcish Mines |   2660 |   2518 |    142 |   1131 |    740 |   2 | 1330.0 |
   Elven Halls |   6381 |   6322 |     59 |   3781 |   1046 |   3 | 2127.0 |
               +--------+--------+--------+--------+--------+-----+--------+

Top non-repeatable levels by time:
     D:5: 4366 daAuts
   Elf:1: 3778 daAuts
    D:10: 3754 daAuts
     D:9: 3403 daAuts
    D:14: 3013 daAuts
  Lair:3: 2742 daAuts
 Snake:4: 2736 daAuts
 Snake:2: 2604 daAuts
  Lair:5: 2146 daAuts
     D:4: 2006 daAuts
  Lair:1: 1914 daAuts
 Snake:3: 1905 daAuts
   Orc:2: 1798 daAuts
    D:12: 1767 daAuts
  Lair:4: 1652 daAuts
